 Dungeon Crawl Stone Soup version 0.18-a0-455-gc7d4c65 (webtiles) character file.

72 Raultor the Caller (level 4, 0/31 HPs)
             Began as a Demonspawn Summoner on Dec 1, 2015.
             Slain by Terence
             ... wielding a +4 flail of holy wrath
              (6 damage)
             ... on level 3 of the Dungeon.
             The game lasted 00:07:07 (2017 turns).

Raultor the Caller (Demonspawn Summoner)            Turns: 2017, Time: 00:07:07

Health: 0/31       AC:  4    Str: 10    XL:     4   Next: 7%
Magic:  3/7        EV: 12    Int: 17    God:
Gold:   105        SH:  0    Dex: 14    Spells: 3 memorised, 1 level left

rFire  . . .     SeeInvis .     w - staff of wizardry
rCold  + . .     Clarity  .     p - +0 robe (curse)
rNeg   . . .     SustAt   .     (no shield)
rPois  .         Gourm    .     l - +1 hat
rElec  .         Spirit   .     (no cloak)
rCorr  .         Dsmss    .     (no gloves)
rMut   .         Stasis   .     m - +0 pair of boots
MR     .....                    s - amulet of rage
Stlth  ++........               (no ring)
                                h - +2 ring of strength

@: not resistant to hostile enchantments, unstealthy
A: horns 2, cold resistance 1
a: Evoke Berserk Rage


You were on level 3 of the Dungeon.
You were not hungry.

You visited 1 branch of the dungeon, and saw 3 of its levels.

You collected 105 gold pieces.

Inventory:

Hand Weapons
 d - a +3 short sword
 r - a +0 mace of crushing
Armour
 l - a +1 hat (worn)
 m - a +0 pair of boots (worn)
 p - a cursed +0 robe (worn)
Magical Staves
 w - an uncursed staff of wizardry (weapon)
Jewellery
 h - a +2 ring of strength (left hand)
 s - an amulet of rage (around neck)
Scrolls
 g - 2 scrolls of magic mapping {unknown}
 i - a scroll of remove curse {unknown}
 n - a scroll of recharging {unknown}
 o - a scroll of enchant weapon {unknown}
Potions
 a - a potion of flight {unknown}
 e - a potion of cure mutation {unknown}
 j - a potion of haste {unknown}
 k - a potion of might {unknown}
 u - a potion of curing {unknown}
 v - a potion of invisibility {unknown}
 x - a potion of poison {unknown}
Books
 b - a book of Callings

   Spells                             Type                      Level
   a - Summon Small Mammal            Summoning                    1
   b - Call Imp                       Summoning                    2
   c - Call Canine Familiar           Summoning                    3
   d - Summon Guardian Golem          Hexes/Summoning              3
   e - Summon Lightning Spire         Summoning/Air                4
   f - Summon Ice Beast               Ice/Summoning                4
Comestibles
 c - 3 bread rations
 f - a slice of pizza
 q - 4 chunks of flesh
 t - a meat ration


   Skills:
 * Level 0.6 Fighting
 - Level 1.7 Dodging
 - Level 1.7 Stealth
 + Level 2.3 Spellcasting
 + Level 5.3 Summonings


You had one spell level left.
You knew the following spells:

 Your Spells              Type           Power        Failure   Level  Hunger
a - Summon Small Mammal   Summ           ###.         1%          1    #......
b - Call Imp              Summ           ###.....     1%          2    ##.....
c - Call Canine Familiar  Summ           ###.....     4%          3    ###....


Dungeon Overview and Level Annotations

Branches:
Dungeon (3/15)

Altars:

Annotations:
D:3 Terence


Innate Abilities, Weirdness & Mutations

You have a pair of horns on your head.
Your flesh is cold resistant.


Message History

You hit the hobgoblin. Your headbutt misses the hobgoblin.
The hobgoblin is heavily wounded.
Your bat closely misses the hobgoblin.
The hobgoblin hits you with a club.
Your quokka bites the hobgoblin.
Your crimson imp blinks!
You barely miss the hobgoblin.
The hobgoblin is almost dead.
Your bat hits the hobgoblin but does no damage.
Your bat barely misses the hobgoblin.
The hobgoblin hits you with a club.
Your hound bites the hobgoblin.
The hobgoblin dies!
You hit Terence but do no damage.
Terence is heavily wounded.
Your bat hits Terence but does no damage.
Your crimson imp blinks!
Your quokka bites Terence but does no damage.
Terence hits you with a flail of holy wrath!
* * * LOW HITPOINT WARNING * * *
You convulse.
You die...

#....#...#........#
####........#........#
+...........#........#
####...###..#........#
#.....# ##....ยง.....#
#..)..# #..5.......#
#...### ##.........#
....... #.......).#
....... #bh@......#
....###.......r@########
.... .......#.)# ...
.......#.... ..
.......##.... .......
...... ....... ......
.###### ..####


You could see Terence, a friendly hound, a friendly crimson imp, a friendly
quokka and a friendly bat.

Vanquished Creatures
  An ooze (D:2)
  4 goblins
  3 hobgoblins (D:1)
  6 kobolds
  A ball python (D:1)
  4 bats
  4 giant cockroaches
  A giant newt (D:2)
  5 rats
29 creatures vanquished.

Vanquished Creatures (collateral kills)
  Natasha (D:2)
  2 adders (D:2)
  A worm (D:2)
  2 orcs (D:3)
  2 hobgoblins (D:3)
  A kobold (D:1)
  A rat (D:3)
10 creatures vanquished.

Grand Total: 39 creatures vanquished

Notes
Turn   | Place    | Note
--------------------------------------------------------------
     0 | D:1      | Raultor the Demonspawn Summoner began the quest for the Orb.
     0 | D:1      | Reached XP level 1. HP: 13/13 MP: 3/3
   154 | D:1      | Gained mutation: You have a pair of small horns on your head. [demonic ancestry]
   154 | D:1      | Reached XP level 2. HP: 13/19 MP: 5/5
   516 | D:1      | Learned a level 2 spell: Call Imp
  1324 | D:2      | Gained mutation: You have a pair of horns on your head. [demonic ancestry]
  1324 | D:2      | Reached XP level 3. HP: 24/24 MP: 6/6
  1628 | D:2      | Reached skill level 5 in Summonings
  1671 | D:2      | Learned a level 3 spell: Call Canine Familiar
  1769 | D:2      | Noticed Natasha
  1774 | D:2      | Killed Natasha
  1920 | D:3      | Gained mutation: Your flesh is cold resistant. [demonic ancestry]
  1920 | D:3      | Reached XP level 4. HP: 23/31 MP: 1/7
  1997 | D:3      | Noticed Terence
  2017 | D:3      | Slain by Terence

Vault maps used:
D:1:      lightli_arrival_farm
D:2:      first_bread, uniq_natasha
D:3:      uniq_crazy_yiuf_cottage, uniq_terence

Action                   |  1- 3 |  4- 6 || total
-------------------------+-------+-------++-------
Melee: Short sword       |    72 |       ||    72
       Staff             |     5 |     8 ||    13
 Cast: Summon Small Mamm |     4 |     2 ||     6
       Call Imp          |     5 |       ||     5
       Call Canine Famil |     2 |     1 ||     3
 Stab: Sleeping          |     3 |       ||     3
  Eat: Chunk             |     4 |       ||     4
